Map: [TLMC19] Moonwater

Players

ByuN - Winner!

  • Race: Terran Terran
  • Spawn Location: 11:00

LiquidCure (Cure)

  • Race: Terran Terran
  • League: Master
  • Spawn Location: 1:00

VOD

Have the link to the VOD?

Description

Time

  • Played on: Dec. 23, 2023, 8:56 a.m.
  • Length: 6:15
Show
View Real Time Build Order
Export as new Build Order

ByuN Terran - Winner!

Build Orders: Cyclone Opening, Reaper Expand 

Get SALT Encoding   

  12  0:00  SCV  
  13  0:12  SCV  
  14  0:17  Supply Depot  
  14  0:24  SCV  
  15  0:38  SCV  
  15  0:40  Barracks  
  16  0:42  Refinery  
  16  0:50  SCV  
  17  1:03  SCV  
  18  1:15  SCV  
  19  1:27  Orbital Command, Reaper  
  20  1:39  Command Center  
  20  1:48  Supply Depot  
  20  1:52  SCV  
  21  1:58  Marine  
  22  2:02  Factory  
  22  2:05  SCV  
  23  2:13  Refinery  
  23  2:16  Marine  
  23  2:18  SCV  
  25  2:30  SCV  
  25  2:34  Marine  
  27  2:42  SCV  
  28  2:45  Cyclone  
  28  2:46  Supply Depot  
  30  2:54  SCV  
  30  2:55  Barracks Reactor  
  30  2:58  Command Center  
  31  3:05  Starport  
  30  3:09  SCV  
  25  3:21  SCV  
  25  3:35  SCV  
  25  3:37  Cyclone x2  
  25  3:41  Liberator  
  30  3:47  SCV  
  34  3:57  Supply Depot  
  34  3:59  SCV  
  35  4:09  Cyclone x2  
  39  4:19  SCV  
  40  4:28  Liberator  
  40  4:31  SCV  
  44  4:34  Orbital Command  
  44  4:43  SCV  
  44  4:45  Cyclone x2  
  48  4:48  Barracks Tech Lab  
  48  4:55  SCV  
  49  5:01  Refinery  
  49  5:06  SCV  
  50  5:07  SCV  
  50  5:08  Supply Depot  
  51  5:17  Cyclone x2  
  51  5:19  SCV x2  
  57  5:31  Supply Depot, SCV x2  
  57  5:43  SCV x2  
  59  5:55  SCV  
  59  5:56  SCV  
Show
View Real Time Build Order
Export as new Build Order

LiquidCure Terran 

Build Orders: Cyclone Opening 

Get SALT Encoding   

  12  0:00  SCV  
  13  0:12  SCV  
  14  0:17  Supply Depot  
  14  0:24  SCV  
  15  0:38  SCV  
  15  0:40  Barracks  
  16  0:44  Refinery  
  16  0:56  Barracks  
  16  0:59  SCV  
  17  1:12  SCV  
  17  1:14  Refinery  
  18  1:27  Reaper  
  18  1:28  Orbital Command  
  19  1:42  Reaper  
  19  1:43  Supply Depot  
  20  1:54  SCV  
  20  1:59  Reaper  
  22  2:06  SCV  
  23  2:10  Factory  
  23  2:19  SCV  
  23  2:20  Reaper  
  25  2:32  Reaper  
  25  2:33  SCV  
  25  2:34  Bunker  
  27  2:37  Supply Depot  
  27  2:46  SCV  
  28  2:52  Reaper  
  28  2:55  Cyclone  
  31  2:58  SCV  
  31  3:11  SCV  
  30  3:23  SCV  
  30  3:25  Command Center  
  29  3:27  Cyclone  
  29  3:32  Starport  
  31  3:35  Barracks Reactor  
  31  3:38  SCV  
  32  3:44  Supply Depot  
  32  3:50  SCV  
  33  4:02  SCV  
  34  4:10  Medivac  
  34  4:14  SCV  
  37  4:18  Cyclone x2  
  37  4:20  Barracks Tech Lab  
  40  4:26  SCV  
  40  4:28  Refinery  
  41  4:38  Orbital Command, SCV  
  42  4:50  SCV, Cyclone  
  42  4:51  Cyclone  
  42  4:52  Raven  
  47  5:02  SCV  
  47  5:05  SCV  
  49  5:13  Interference Matrix  
  49  5:15  SCV  
  49  5:18  SCV  
  51  5:24  Cyclone x2  
  51  5:27  SCV  
  56  5:30  Supply Depot, SCV  
  56  5:34  Raven  
  59  5:39  SCV  
  59  5:42  SCV  
  49  5:51  SCV  
  49  5:54  SCV  
Tags
 
Add a new tag
Caveats
  • Supply blocks, unpowered buildings, or Contaminate may cause inaccurate times.
  • Supply counts are checked every 10 seconds.